 Dungeon Crawl Stone Soup version 0.28.0-43-g3370ac3207 (webtiles) character file.

Game seed: 15847866645855869643

208 Orthodox the Skirmisher (level 5, -1/47 HPs)
             Began as a Ghoul Gladiator on Mar 29, 2022.
             Splashed by a jelly's acid (7 damage)
             ... on level 4 of the Dungeon.
             The game lasted 00:06:15 (3714 turns).

Orthodox the Skirmisher (Ghoul Gladiator)           Turns: 3714, Time: 00:06:16

Health: -1/47      AC:  2    Str: 18    XL:     5   Next: 86%
Magic:  4/4        EV: 11    Int:  3    God:
Gold:   246        SH:  4    Dex: 12    Spells: 4/4 levels left

rFire   . . .      SeeInvis .   a - +0 long sword
rCold   + . .      Faith    .   j - +0 buckler
rNeg    + + +      Spirit   .   m - +0 ring mail
rPois   ∞          Reflect  .   c - +0 helmet
rElec   .          Harm     .   (no cloak)
rCorr   .          Rampage  .   (no gloves)
Will    .....                   (no boots)
Stlth   +.........              (no amulet)
HPRegen 0.00/turn               k - ring of flight
MPRegen 0.09/turn               u - +4 ring of protection

@: corroded, flying, inhibited regen
A: claws 1, cold resistance 1, negative energy resistance 3, inhibited
regeneration, torment resistance 2
a: no special abilities


You were on level 4 of the Dungeon.
You visited 1 branch of the dungeon, and saw 4 of its levels.

You collected 246 gold pieces.

Inventory:

Hand Weapons
 a - a +0 long sword (weapon)
Missiles
 d - 3 throwing nets (quivered) {!f}
Armour
 c - a +0 helmet (worn)
 j - a +0 buckler (worn)
 m - a +0 ring mail (worn)
 s - a +0 chain mail
Jewellery
 k - a ring of flight (left claw)
 u - a +4 ring of protection (right claw)
Wands
 v - a wand of acid (9)
Scrolls
 f - a scroll of fog {unknown}
 g - a scroll of enchant armour {unknown}
 h - 2 scrolls of teleportation {unknown}
 l - a scroll of silence {unknown}
 o - a scroll of identify {unknown}
 p - 2 scrolls of brand weapon {unknown}
 r - a scroll of enchant weapon {unknown}
 t - a scroll of holy word {unknown}
 w - a scroll of magic mapping {unknown}
 x - a scroll of vulnerability {unknown}
 y - a scroll of blinking {unknown}
 z - a scroll of noise {unknown}
Potions
 b - 3 potions of flight {unknown}
 e - a potion of lignification {unknown}
 i - 2 potions of curing {unknown}
 n - a potion of berserk rage {unknown}
 q - a potion of resistance {unknown}


   Skills:
 * Level 4.4 Fighting
 * Level 4.3 Long Blades
 - Level 1.7 Throwing
 - Level 2.6 Dodging
 + Level 1.5 Shields


You had 4 spell levels left.
You didn't know any spells.
Your spell library was empty.

Dungeon Overview and Level Annotations

Branches:
Dungeon (4/15)
 Temple: D:4-7

Altars:


Innate Abilities, Weirdness & Mutations

You thrive by killing the living.
You are immune to poison.
You have sharp fingernails.
Your flesh is cold resistant. (rC+)
You are immune to negative energy. (rN+++)
You do not regenerate when monsters are visible.
You are immune to unholy pain and torment.


Message History

The jelly is heavily wounded.
The jelly hits you but does no damage.
You take 3 damage, and have 44/47 hp.
You hit the jelly. The acid corrodes you!
Your claws burn!
The jelly is severely wounded.
The jelly hits you.
You are splashed with acid!
You block the endoplasm's attack.
You take 15 damage, and have 29/47 hp.
MASSIVE DAMAGE!!
You are too injured to fight recklessly!
You block the jelly's attack.
Something hits the fungus.
The fungus begins to die.
You barely miss the jelly.
The jelly is severely wounded.
The jelly jiggles.
The jelly closely misses you.
Something hits the fungus.
You hit the jelly. The acid corrodes you!
Your claws burn!
The jelly is almost dead.
The jelly barely misses you.
Something hits the fungus.
You take 4 damage, and have 25/47 hp.
You hit the jelly but do no damage.
Your claws burn!
The jelly is almost dead.
You block the jelly's attack.
You take 4 damage, and have 21/47 hp.
You hit the jelly but do no damage.
Your claws burn!
The jelly is almost dead.
A nearby fungus withers and dies.
The jelly hits you.
You are splashed with acid!
* * * LOW HITPOINT WARNING * * *
The jelly closely misses you.
You take 13 damage, and have 8/47 hp.
MASSIVE DAMAGE!!
Things that are here:
a +3 dagger of electrocution; 2 stones
There is an open door here.
You reach down and close the door.
You hear a slurping noise.
The jelly eats the door!
The jelly hits you.
* * * LOW HITPOINT WARNING * * *
You are splashed with acid!
You die...

#............)..........
#.....###...###'''###...
#...### ##.####...##
#.###.########.....##
..##.......##.......#
..##.....####.......#
.......#.#.##.......#
.†.........##.......#
......##.####..=@####
(.........# #....JJ.##
..........# ########.#
#.......### ##JJ.JJ.##
#.........# #'#######
...#......##.J.JJJJ÷.
#..#....####...J÷J...
#........###÷..P....÷
......#...##.P...P...


You could see a jelly and an endoplasm.

Vanquished Creatures
  A jelly (D:4)
  6 adders
  An adder skeleton (D:4)
  A worm (D:2)
  2 dart slugs
  4 orcs
  9 ball pythons
  8 endoplasms
  4 giant cockroaches
  8 hobgoblins
  9 jackals
  4 quokkas
  7 bats
  6 frilled lizards (D:2)
  9 goblins
  19 kobolds
  9 rats
107 creatures vanquished.

Vanquished Creatures (others)
  2 fungi (D:4)
  10 toadstools (D:4)
12 creatures vanquished.

Grand Total: 119 creatures vanquished

Notes
Turn   | Place    | Note
-------+----------+-------------------------------------------
     0 | D:1      | Orthodox the Ghoul Gladiator began the quest for the Orb.
     0 | D:1      | Reached XP level 1. HP: 17/17 MP: 0/0
   170 | D:1      | Reached XP level 2. HP: 23/25 MP: 1/1
   836 | D:1      | Reached XP level 3. HP: 31/31 MP: 2/2
  1149 | D:2      | Found a faded altar of an unknown god.
  1470 | D:2      | Reached XP level 4. HP: 38/38 MP: 3/3
  1781 | D:2      | Reached skill level 1 in Shields
  2570 | D:3      | Reached XP level 5. HP: 46/46 MP: 4/4
  3714 | D:4      | Splashed by a jelly's acid

Illustrated notes

Levels and vault maps discovered:
D:1:      shiori_arrival_maze, layout_loops_ring
D:2:      minmay_razor_zed, layout_basic, basic_ecumenical_altar,
          minmay_increasing_density
D:3:      layout_basic, kennysheep_nondescript
D:4:      cheibrodos_fertilizer, layout_cave_pools, kennysheep_small_circle

Skill      XL: |  1  2  3  4  5 |
---------------+----------------+-----
Long Blades    | 3 4 |  4.3
Fighting       | 3 4 |  4.4
Shields        | 1 |  1.5
Throwing       | |  1.7
Dodging        | |  2.6

Action                   |  1- 3 |  4- 6 || total
-------------------------+-------+-------++-------
Melee: Long sword        |   114 |   197 ||   311
Armor: Leather armour    |    21 |       ||    21
       Ring mail         |    15 |    90 ||   105
Dodge: Dodged            |    70 |   115 ||   185
Block: Buckler           |    12 |    37 ||    49
